Map: 블랙번 - 래더

Players

Trap - Winner!

  • Race: Protoss Protoss

PtitDrogo

  • Race: Protoss Protoss
  • League: Master

VOD

Have the link to the VOD?

Description

Time

  • Played on: Oct. 21, 2021, 7:33 a.m.
  • Length: 7:47
Show
View Real Time Build Order
Export as new Build Order

Trap Protoss - Winner!

Build Orders: Blink Stalkers 

Get SALT Encoding   

  12  0:00  Probe  
  13  0:12  Probe  
  14  0:18  Pylon  
  14  0:25  Probe (Chrono Boost)  
  15  0:37  Probe (Chrono Boost)  
  15  0:38  Gateway  
  16  0:46  Probe (Chrono Boost)  
  16  0:47  Assimilator  
  17  0:51  Probe  
  18  1:00  Assimilator  
  18  1:03  Probe (Chrono Boost)  
  19  1:06  Pylon  
  19  1:13  Probe (Chrono Boost)  
  19  1:18  Probe (Chrono Boost)  
  21  1:26  Cybernetics Core  
  21  1:29  Probe  
  22  1:33  Zealot  
  24  1:41  Probe  
  25  1:53  Probe  
  26  1:55  Pylon  
  26  2:02  Stalker (Chrono Boost)  
  26  2:04  Warp Gate  
  28  2:23  Stalker, Pylon  
  30  2:36  Nexus  
  30  2:41  Gateway  
  30  2:48  Pylon  
  30  2:51  Probe  
  30  2:57  Shield Battery  
  31  3:04  Shield Battery  
  31  3:07  Probe  
  31  3:11  Sentry  
  34  3:18  Twilight Council  
  34  3:19  Probe  
  35  3:31  Probe  
  36  3:35  Pylon  
  36  3:43  Probe  
  37  3:54  Adept x2  
  41  3:56  Blink (Chrono Boost)  
  41  4:04  Probe  
  41  4:05  Probe  
  40  4:17  Probe x2 (Chrono Boost)  
  39  4:28  Probe x2 (Chrono Boost)  
  39  4:30  Sentry x2  
  45  4:32  Probe x2 (Chrono Boost)  
  45  4:43  Probe x2  
  45  4:55  Probe x2  
  45  4:56  Stalker x2  
  45  4:59  Pylon  
  51  5:03  Robotics Facility  
  51  5:07  Probe x2  
  53  5:20  Probe x2  
  54  5:21  Stalker x2  
  58  5:31  Pylon  
  58  5:37  Nexus  
  58  5:39  Probe, Assimilator  
  58  5:42  Probe  
  58  5:51  Probe  
  58  5:53  Stalker x2  
  58  5:54  Observer (Chrono Boost), Probe  
  65  6:03  Gateway  
  65  6:08  Probe  
  67  6:17  Immortal (Chrono Boost)  
  70  6:26  Gateway  
  70  6:27  Gateway  
  69  6:34  Probe x2  
  67  6:44  Stalker  
  67  6:46  Probe  
  70  6:49  Probe, Forge  
  70  6:50  Observer (Chrono Boost)  
  70  6:51  Stalker  
  70  6:53  Probe  
  75  6:58  Stalker, Probe  
  75  7:01  Probe  
  79  7:07  Warp Prism (Chrono Boost)  
  81  7:10  Probe  
  81  7:11  Probe  
  81  7:13  Probe  
  82  7:32  Stalker x2  
Show
View Real Time Build Order
Export as new Build Order

PtitDrogo Protoss 

Build Orders: Oracle Opening 

Get SALT Encoding   

  12  0:00  Probe  
  13  0:12  Probe  
  14  0:20  Pylon  
  14  0:24  Probe  
  15  0:38  Probe (Chrono Boost)  
  15  0:39  Gateway  
  16  0:47  Probe (Chrono Boost), Assimilator  
  17  0:52  Probe (Chrono Boost)  
  18  0:57  Assimilator  
  19  1:04  Probe (Chrono Boost)  
  19  1:06  Pylon  
  19  1:13  Probe (Chrono Boost)  
  20  1:18  Probe  
  21  1:26  Cybernetics Core  
  21  1:30  Probe  
  22  1:35  Zealot  
  24  1:43  Probe  
  25  1:55  Probe  
  26  2:07  Stargate  
  27  2:11  Adept  
  27  2:26  Probe, Warp Gate  
  28  2:31  Pylon  
  28  2:40  Nexus  
  28  2:42  Probe  
  29  2:47  Oracle (Chrono Boost)  
  32  2:55  Probe  
  33  3:08  Shield Battery  
  33  3:16  Stalker  
  33  3:20  Probe  
  34  3:27  Twilight Council  
  34  3:40  Probe  
  35  3:43  Gateway  
  35  3:46  Stalker  
  37  3:52  Probe  
  37  3:55  Shield Battery  
  38  4:04  Probe  
  38  4:05  Probe  
  40  4:16  Probe  
  37  4:23  Probe  
  37  4:25  Adept  
  37  4:29  Probe  
  40  4:35  Probe  
  41  4:41  Adept, Probe (Chrono Boost)  
  41  4:47  Probe (Chrono Boost)  
  43  4:53  Probe (Chrono Boost)  
  43  4:58  Probe (Chrono Boost)  
  43  4:59  Dark Shrine  
  44  5:01  Probe (Chrono Boost)  
  44  5:03  Probe (Chrono Boost)  
  44  5:05  Blink (Chrono Boost)  
  46  5:13  Probe (Chrono Boost)  
  47  5:15  Probe (Chrono Boost)  
  48  5:23  Probe (Chrono Boost)  
  48  5:24  Probe (Chrono Boost)  
  48  5:28  Forge, Probe (Chrono Boost)  
  50  5:30  Probe  
  50  5:32  Pylon  
  52  5:39  Probe  
  52  5:40  Assimilator  
  52  5:42  Probe  
  54  5:51  Probe  
  54  5:54  Probe, Gateway  
  54  5:56  Stalker  
  54  5:57  Stalker  
  60  6:03  Probe  
  61  6:06  Probe  
  61  6:15  Probe  
  62  6:25  Pylon  
  62  6:34  Probe x2  
  60  6:46  Probe x2  
  62  6:50  Stalker x2  
  62  6:51  Stalker  
  62  6:53  Nexus  
  68  6:54  Pylon  
  68  6:58  Probe  
  68  7:00  Probe  
  70  7:04  Pylon  
  70  7:12  Probe  
  70  7:13  Dark Templar x2  
  73  7:16  Stalker  
  73  7:23  Probe  
  66  7:30  Probe  
  65  7:39  Stalker  
Tags
 
Add a new tag
Caveats
  • Supply blocks, unpowered buildings, or Contaminate may cause inaccurate times.
  • Supply counts are checked every 10 seconds.